 Dungeon Sprint DCSS version 0.31-a0-18-gea43df2a32 (webtiles) character file.

Game seed: 16147489626741068719

5833 bmack86 the Severer (level 10, -7/160 HPs)
             Began as a Minotaur Berserker on May 10, 2023.
             Was a High Priest of Trog.
             Mangled by a demonic crawler (10 damage)
             ... in the Dungeon (Sprint I: "Red Sonja").
             The game lasted 00:12:16 (1576 turns).

bmack86 the Severer (Minotaur Berserker)            Turns: 1576, Time: 00:12:17

Health: -7/160     AC: 10    Str: 27    XL:     10   Next: 51%
Magic:  9/9        EV: 11    Int:  7    God:    Trog [*****.]
Gold:   148        SH:  0    Dex:  9    Spells: 9/9 levels left

rFire   + . .        t - +4 long sword "Zesuph" {elec, rF+}
rCold   . . .        (no shield)
rNeg    . . .        r - +0 scale mail
rPois   .            (helmet restricted)
rElec   .            (no cloak)
rCorr   .            (no gloves)
SInv    .            (no boots)
Will    .....        y - amulet "Momul" {Regen+ Int+3 Stlth+} Stlth
                     (no ring)
HPRegen 1.26/turn    (no ring)
MPRegen 0.11/turn

%: no teleportation
@: berserking, very quick
A: horns 2, retaliatory headbutt
a: Renounce Religion, Berserk, Trog's Hand, Brothers in Arms


You were in the Dungeon.
You worshipped Trog.
Trog was extremely pleased with you.
You visited 1 branch You collected 1056 gold pieces.
You spent 908 gold pieces at shops.

Inventory:

Hand Weapons
 a - a +0 hand axe
 k - a +2 scythe of protection
 n - a +0 long sword
 s - a +2 hand axe of electrocution
 t - the +4 long sword "Zesuph" (weapon) {elec, rF+}
   (You found it in the Dungeon)

   rF:        It protects you from fire.
Missiles
 c - 3 curare-tipped darts
Armour
 r - a +0 scale mail (worn)
Jewellery
 y - the amulet "Momul" (around neck) {Regen+ Int+3 Stlth+}
   (You bought it in a shop in the Dungeon)

   [amulet of regeneration]

   Int:       It affects your intelligence (+3).
   Regen:     It increases your rate of health regeneration.
   Stlth:     It makes you more stealthy.
Wands
 i - a wand of mindburst (11) (quivered)
 u - a wand of acid (7)
Scrolls
 b - 2 scrolls of fear {unknown}
 h - 2 scrolls of blinking
 l - a scroll of poison
 m - a scroll of immolation {unknown}
 v - a scroll of silence {unknown}
 w - a scroll of enchant weapon {unknown}
Potions
 d - a potion of heal wounds
 e - a potion of haste
 f - 2 potions of magic
 g - a potion of berserk rage
 j - a potion of curing
 o - 2 potions of mutation {unknown}
 p - 2 potions of flight {unknown}
 q - a potion of degeneration {unknown}
 x - 2 potions of invisibility {unknown}


   Skills:
 + Level 15.9 Fighting
 + Level 1.5 Long Blades
 + Level 15.9(16.1) Axes
 - Level 4.2(11.2) Polearms
 + Level 15.3 Armour
 - Level 2.9 Dodging
 + Level 10.2 Evocations


You had 9 spell levels left.
You didn't know any spells.
Your spell library was empty.

Dungeon Overview and Level Annotations

Branches:
Dungeon (1/1)

Altars:
Cheibriados
Dithmenos
Elyvilon
Fedhas
Gozag
Hepliaklqana
Kikubaaqudgha
Makhleb
Nemelex Xobeh
Okawaru
Qazlal
Ru
Sif Muna
Trog
Uskayaw
Vehumet
Wu Jian
Xom
Yredelemnul
Zin
The Shining One
Jiyva
Lugonu

Shops:
D ([=:((=*([(=:*([[


Innate Abilities, Weirdness & Mutations

You have a pair of horns on your head.
You reflexively headbutt those who attack you in melee.


Message History

Your troll dies!
Your troll's corpse disappears in a puff of smoke!
You hit the demonic crawler but do no damage.
Lightning courses through the demonic crawler!
You headbutt the demonic crawler, but do no damage.
The demonic crawler is heavily wounded.
The demonic crawler hits you! The demonic crawler closely misses you.
The demonic crawler hits you.
The demonic crawler hits you but does no damage. x3
You barely miss the demonic crawler. You headbutt the demonic crawler.
You punch the demonic crawler.
The demonic crawler is heavily wounded.
The demonic crawler hits you but does no damage.
The demonic crawler hits you. The demonic crawler hits you!
A red film seems to cover your vision as you go berserk!
You feel yourself moving faster!
You feel mighty! The demonic crawler hits you! x2
The demonic crawler hits you. The demonic crawler hits you! x2
The demonic crawler misses you. The demonic crawler hits you! x2
* * * LOW HITPOINT WARNING * * *
The demonic crawler closely misses you. The demonic crawler hits you!
* * * LOW HITPOINT WARNING * * *
The demonic crawler hits you but does no damage.
The demonic crawler hits you!
* * * LOW HITPOINT WARNING * * *
The demonic crawler hits you but does no damage.
The demonic crawler hits you!
* * * LOW HITPOINT WARNING * * *
The demonic crawler misses you.
You slash the demonic crawler! You headbutt the demonic crawler!
The demonic crawler is severely wounded.
The demonic crawler barely misses you. The demonic crawler closely misses you.
The demonic crawler barely misses you.
The demonic crawler hits you but does no damage.
The demonic crawler barely misses you.
The demonic crawler completely misses you.
The demonic crawler hits you.
* * * LOW HITPOINT WARNING * * *
The demonic crawler hits you but does no damage.
The demonic crawler hits you!
You die...

##################
.#..'..#__#..).s@#
.'[.#..'..'..#)ss##+#
'#####'#__####...'..#
.#...#.####..#####..+
##..##.#~§§..#..# +##
_##'#_.)§~§..§..#
..'..._#~~~.§#..#
_##_.#'##'#####'###
_###'#.#..[.###.'.#


You could see 3 demonic crawlers.

Vanquished Creatures
  2 centaur warriors (D)
  Sonja (D)
  A deep troll (D)
  An oklob plant (D)
  An unseen horror (D)
  2 kobold demonologists (D)
  A hornet (D)
  A slime creature (D)
  Sigmund (D)
  A yak (D)
  A redback (D)
  A floating eye (D)
  An ogre (D)
  3 necrophages (D)
  4 jellies (D)
  Ijyb (D)
23 creatures vanquished.

Vanquished Creatures (collateral kills)
  A demonic crawler (D)
  An unseen horror (D)
  A redback (D)
  A floating eye (D)
  4 necrophages (D)
  4 jellies (D)
12 creatures vanquished.

Vanquished Creatures (others)
  2 ballistomycete spores (D)
2 creatures vanquished.

Grand Total: 37 creatures vanquished

Notes
Turn   | Place    | Note
-------+----------+-------------------------------------------
     0 | D        | bmack86 the Minotaur Berserker began the quest for the Orb.
     0 | D        | Reached XP level 1. HP: 19/19 MP: 0/0
     3 | D        | Noticed Ijyb
    16 | D        | Killed Ijyb
    17 | D        | Reached skill level 5 in Fighting
    17 | D        | Reached skill level 5 in Axes
    17 | D        | Reached XP level 2. HP: 18/30 MP: 1/1
    61 | D        | Noticed an ogre
    67 | D        | Killed an ogre
    68 | D        | Reached skill level 5 in Armour
    68 | D        | Reached XP level 3. HP: 9/39 MP: 2/2
    68 | D        | Reached XP level 4. HP: 11/47 MP: 3/3
   203 | D        | Noticed Sigmund
   210 | D        | Killed Sigmund
   210 | D        | Reached ** piety under Trog
   211 | D        | Reached XP level 5. HP: 56/57 MP: 4/4
   211 | D        | Reached XP level 6. HP: 64/64 MP: 5/5
   239 | D        | Found a burning altar of Makhleb.
   239 | D        | Found a viscous altar of Jiyva.
   239 | D        | Found a shimmering altar of Xom.
   239 | D        | Found a corrupted altar of Lugonu.
   239 | D        | Noticed a slime creature
   243 | D        | Killed a slime creature
   244 | D        | Reached skill level 10 in Fighting
   244 | D        | Reached skill level 10 in Axes
   244 | D        | Found an ornate altar of the Wu Jian Council.
   244 | D        | Found a shimmering blue altar of Sif Muna.
   246 | D        | Found a radiant altar of Vehumet.
   336 | D        | Found Utustroaf's Armour Emporium.
   336 | D        | Found an ancient bone altar of Kikubaaqudgha.
   336 | D        | Found a hazy altar of Hepliaklqana.
   336 | D        | Found a stormy altar of Qazlal.
   336 | D        | Found a hide-covered altar of Uskayaw.
   336 | D        | Found a blossoming altar of Fedhas.
   336 | D        | Found a bloodstained altar of Trog.
   336 | D        | Found an iron altar of Okawaru.
   336 | D        | Found a basalt altar of Yredelemnul.
   336 | D        | Found a glowing golden altar of the Shining One.
   336 | D        | Found a snail-covered altar of Cheibriados.
   336 | D        | Found a sacrificial altar of Ru.
   336 | D        | Found a glowing silver altar of Zin.
   336 | D        | Found a shadowy altar of Dithmenos.
   336 | D        | Found a white marble altar of Elyvilon.
   336 | D        | Noticed a yak
   339 | D        | Killed a yak
   340 | D        | Reached skill level 10 in Armour
   340 | D        | Reached XP level 7. HP: 63/74 MP: 6/6
   340 | D        | Found an opulent altar of Gozag.
   341 | D        | Found a sparkling altar of Nemelex Xobeh.
   365 | D        | Noticed a kobold demonologist
   369 | D        | Noticed a kobold demonologist
   374 | D        | Noticed a soul eater
   375 | D        | Killed a kobold demonologist
   375 | D        | Reached *** piety under Trog
   376 | D        | Reached skill level 5 in Evocations
   377 | D        | Killed a kobold demonologist
   378 | D        | Reached XP level 8. HP: 84/84 MP: 7/7
   409 | D        | Noticed a centaur warrior
   409 | D        | Noticed a centaur warrior
   429 | D        | Killed a centaur warrior
   429 | D        | Reached **** piety under Trog
   435 | D        | Killed a centaur warrior
   436 | D        | Reached XP level 9. HP: 18/94 MP: 8/8
   780 | D        | Noticed a deep troll
   784 | D        | Killed a deep troll
   803 | D        | Found Syluet's Armour Emporium.
   842 | D        | Noticed Sonja
   845 | D        | Killed Sonja
   845 | D        | Reached ***** piety under Trog
   940 | D        | Found Vexyshrid's Antique Weapon Boutique.
   948 | D        | Bought a runed hand axe for 132 gold pieces
   978 | D        | Noticed an oklob plant
   983 | D        | Killed an oklob plant
   984 | D        | Reached skill level 15 in Fighting
   984 | D        | Reached XP level 10. HP: 105/105 MP: 9/9
   993 | D        | Reached skill level 15 in Axes
  1202 | D        | Received a gift from Trog
  1207 | D        | Reached skill level 15 in Armour
  1207 | D        | Reached skill level 10 in Evocations
  1218 | D        | Identified the +4 long sword "Zesuph" {elec, rF+}
  1223 | D        | Identified the +2 robe "Qoapinof" {*Corrode Regen+ Str+2
                  | SInv}
  1447 | D        | Found Puwkueneor's General Store.
  1447 | D        | Found Fycair's Armour Emporium.
  1447 | D        | Found Ageurr's Antique Weapon Emporium.
  1449 | D        | Found Zizor's Book Boutique.
  1449 | D        | Found Geungugo's Jewellery Shoppe.
  1449 | D        | Found Cengiemp's Weapon Shop.
  1449 | D        | Found Nucyef's Antique Armour Emporium.
  1449 | D        | Found Aczec's Weapon Boutique.
  1449 | D        | Found Veuraf's Assorted Antiques.
  1449 | D        | Found Mayfeah's Jewellery Shop.
  1453 | D        | Found Zouku's Weapon Emporium.
  1454 | D        | Found Teith's Antique Weapon Boutique.
  1454 | D        | Found Ceiciq's Book Shoppe.
  1455 | D        | Found Naescheet's Jewellery Shop.
  1459 | D        | Bought a scroll labelled KAUMMO ANAO for 28 gold pieces
  1459 | D        | Bought a scroll labelled JAYROA ZEITA for 28 gold pieces
  1459 | D        | Bought 2 fuming yellow potions for 50 gold pieces
  1459 | D        | Bought a bubbling red potion for 25 gold pieces
  1477 | D        | Bought the amulet "Momul" {Regen+ Int+3 Stlth+} for 645
                  | gold pieces
  1567 | D        | Noticed a demonic crawler
  1567 | D        | Noticed a demonic crawler
  1567 | D        | Noticed a demonic crawler
  1567 | D        | Noticed a demonic crawler
  1569 | D        | Killed a demonic crawler
  1570 | D        | Reached skill level 1 in Long Blades
  1575 | D        | HP: 8/160 [demonic crawler (15)]
  1576 | D        | HP: 3/160 [demonic crawler (6)]
  1576 | D        | Mangled by a demonic crawler

Illustrated notes

Levels and vault maps discovered:
D:        dungeon_sprint_1 [red_sonja_temple_1, red_sonja_temple_small_1]

Skill      XL: |  1  2  3  4  5  6  7  8  9 10 |
---------------+-------------------------------+-----
Fighting       | 5 7 9 11 12 13 15 | 15.9
Axes           | 5 7 9 11 12 13 14 15 | 15.9
Armour         | 3 5 8 10 11 13 14 15 | 15.3
Evocations     | 4 5 7 9 10 | 10.2
Polearms       | 4 |  4.2
Long Blades    | 1 |  1.5
Dodging        | |  2.9

Action                     |  1- 3 |  4- 6 |  7- 9 | 10-12 || total
---------------------------+-------+-------+-------+-------++-------
  Melee: Hand axe          |    17 |     5 |     4 |    27 ||    53
         Headbutt          |     2 |     2 |     3 |     6 ||    13
         Halberd           |       |     7 |    25 |       ||    32
         Long sword        |       |       |       |     4 ||     4
         Punch             |       |       |       |     1 ||     1
 Invoke: Berserk           |     2 |     2 |     5 |     2 ||    11
         Brothers in Arms  |       |       |       |     3 ||     3
  Evoke: Wand              |       |       |     9 |       ||     9
    Use: Potion            |       |       |     1 |     1 ||     2
         Scroll            |       |       |     1 |       ||     1
 Armour: Leather armour    |       |     2 |       |       ||     2
         Ring mail         |       |     1 |    11 |       ||    12
         Scale mail        |       |       |     9 |    25 ||    34
  Dodge: Dodged            |     3 |     3 |    10 |    24 ||    40

Table legend: (Time is in decaauts)
 A = Elapsed time spent in this place.
 B = Non-inter-level travel time spent in this place.
 C = Inter-level travel time spent in this place.
 D = Time resting spent in this place.
 E = Time spent auto-exploring this place.
 F = Levels seen in this place.
 G = Mean time per level.
                   A        B        C        D        E       F      G
               +--------+--------+--------+--------+--------+-----+--------+
         Total |   1690 |   1690 |      0 |    806 |      0 |   1 | 1690.0 |
       Dungeon |   1690 |   1690 |      0 |    806 |      0 |   1 | 1690.0 |
               +--------+--------+--------+--------+--------+-----+--------+

Top non-repeatable levels by time:
       D: 1690 daAuts
